Map: [ESL] Babylon

Players

MaxPax

  • Race: Protoss Protoss
  • Spawn Location: 11:00

Reynor - Winner!

  • Race: Zerg Zerg
  • Spawn Location: 5:00

Event: ESL SC2 Masters 2023 Summer (Regionals)

VOD

Have the link to the VOD?

Description

Time

  • Played on: May 11, 2023, 12:32 p.m.
  • Length: 9:22

All games in this series

Show
View Real Time Build Order
Export as new Build Order

MaxPax Protoss 

Build Orders: 1 Gate Expand, Oracle Opening, Zealot Archon 

Get SALT Encoding   

  12  0:00  Probe  
  13  0:12  Probe  
  14  0:19  Pylon  
  14  0:24  Probe  
  15  0:37  Probe (Chrono Boost)  
  15  0:39  Gateway  
  16  0:48  Probe (Chrono Boost), Assimilator  
  17  0:53  Probe (Chrono Boost)  
  18  1:03  Probe  
  19  1:15  Probe  
  20  1:27  Nexus  
  20  1:37  Cybernetics Core  
  20  1:38  Probe  
  21  1:45  Assimilator  
  21  1:51  Probe  
  21  1:53  Pylon  
  22  2:03  Probe  
  23  2:12  Adept (Chrono Boost)  
  23  2:15  Probe, Warp Gate  
  26  2:27  Probe  
  27  2:32  Adept (Chrono Boost)  
  29  2:38  Stargate  
  29  2:40  Probe (Chrono Boost)  
  31  2:44  Probe (Chrono Boost)  
  31  2:49  Probe (Chrono Boost)  
  32  2:53  Probe (Chrono Boost)  
  32  2:54  Probe (Chrono Boost), Stalker  
  36  3:03  Probe  
  37  3:06  Probe  
  37  3:10  Gateway  
  38  3:13  Pylon  
  38  3:15  Probe  
  38  3:18  Probe  
  40  3:20  Oracle (Chrono Boost)  
  43  3:27  Probe  
  43  3:30  Probe  
  45  3:39  Probe  
  46  3:42  Probe  
  46  3:48  Oracle (Chrono Boost)  
  50  3:52  Probe  
  50  3:54  Probe, Pylon  
  52  3:59  Nexus  
  51  4:04  Probe  
  51  4:06  Probe, Assimilator  
  51  4:07  Assimilator  
  53  4:16  Probe  
  54  4:18  Oracle (Chrono Boost)  
  54  4:19  Probe  
  56  4:25  Adept x2  
  56  4:28  Probe  
  56  4:31  Probe  
  60  4:33  Pylon  
  60  4:40  Probe  
  60  4:41  Twilight Council  
  60  4:42  Forge  
  60  4:46  Probe  
  60  4:52  Probe  
  62  5:12  Pylon  
  60  5:15  Pylon  
  60  5:16  Gateway, Protoss Ground Weapons Level 1 (Chrono Boost)  
  60  5:19  Gateway  
  60  5:20  Charge (Chrono Boost)  
  60  5:21  Gateway  
  58  5:22  Gateway  
  58  5:24  Nexus  
  58  5:25  Pylon  
  58  5:32  Probe x2  
  58  5:33  Templar Archives  
  58  5:35  Zealot x2  
  64  5:43  Shield Battery  
  64  5:44  Probe  
  64  5:49  Pylon  
  65  5:50  Robotics Facility  
  65  5:53  Probe  
  65  5:56  Probe  
  67  5:57  Zealot x2  
  71  6:05  Probe  
  71  6:08  Probe  
  73  6:14  High Templar x2  
  73  6:17  Probe, High Templar  
  73  6:18  High Templar  
  82  6:21  Probe  
  82  6:24  Archon  
  83  6:25  Archon  
  83  6:28  Pylon  
  83  6:29  Probe  
  83  6:32  Zealot x2  
  88  6:33  Probe  
  88  6:35  Pylon  
  88  6:38  Probe  
  90  6:40  Observer  
  90  6:43  Robotics Bay  
  90  6:45  Probe  
  90  6:46  Assimilator  
  93  6:47  Assimilator  
  93  6:49  Pylon  
  93  6:50  Zealot  
  93  6:51  Zealot x2  
  93  6:52  Probe, Zealot  
  101  6:55  Probe  
  101  7:01  Probe  
  103  7:07  Probe  
  89  7:18  Zealot x6  
  89  7:20  Probe  
  89  7:21  Probe  
  103  7:23  Immortal (Chrono Boost), Robotics Facility  
  107  7:30  Photon Cannon  
  107  7:49  Zealot x6  
  107  7:50  Disruptor (Chrono Boost)  
  122  7:57  Probe  
  123  8:02  Photon Cannon  
  123  8:12  Disruptor (Chrono Boost), Stalker x3  
  129  8:19  Shield Battery  
  131  8:21  Pylon  
  131  8:22  Pylon x2  
  131  8:23  Disruptor (Chrono Boost)  
  131  8:27  Probe  
  122  8:45  Disruptor (Chrono Boost)  
  122  8:47  Zealot x6  
  127  8:51  Gateway x2  
  105  9:09  Zealot x4  
  101  9:12  Pylon  
Show
View Real Time Build Order
Export as new Build Order

Reynor Zerg - Winner!

Build Orders: Hatch First 

Get SALT Encoding   

  12  0:00  Drone  
  13  0:12  Overlord  
  13  0:16  Drone  
  14  0:30  Drone x2  
  14  0:34  Drone  
  17  0:51  Hatchery  
  17  0:55  Drone  
  17  0:58  Drone  
  18  1:08  Extractor  
  17  1:13  Spawning Pool  
  17  1:16  Drone  
  17  1:20  Drone  
  18  1:27  Drone  
  19  1:39  Drone  
  20  1:48  Overlord  
  20  2:01  Queen  
  20  2:04  Queen  
  20  2:05  Drone x2  
  26  2:10  Zergling x2  
  26  2:14  Drone  
  28  2:23  Drone  
  28  2:24  Drone  
  28  2:25  Metabolic Boost  
  30  2:36  Hatchery  
  29  2:37  Zergling x2  
  30  2:45  Drone  
  30  2:46  Zergling x2  
  30  2:47  Zergling x2  
  33  2:53  Overlord  
  33  2:55  Queen  
  35  3:03  Drone  
  35  3:11  Queen  
  37  3:14  Drone x4  
  37  3:18  Overlord  
  41  3:21  Drone  
  41  3:22  Drone  
  41  3:26  Overlord  
  43  3:36  Drone  
  43  3:37  Drone x2  
  43  3:39  Overlord  
  46  3:43  Roach Warren  
  46  3:44  Drone  
  47  3:48  Drone  
  47  3:51  Drone  
  47  3:52  Drone  
  49  3:59  Drone x2  
  49  4:01  Queen  
  54  4:04  Zergling x6  
  54  4:07  Zergling x4  
  58  4:10  Spore Crawler  
  58  4:12  Evolution Chamber  
  58  4:13  Drone x2  
  58  4:16  Extractor  
  58  4:21  Drone  
  58  4:22  Drone x3  
  62  4:25  Spore Crawler  
  62  4:26  Drone  
  62  4:28  Drone  
  62  4:31  Overlord  
  63  4:33  Drone  
  64  4:39  Spore Crawler  
  64  4:41  Drone x2  
  64  4:42  Overlord  
  65  4:47  Drone x3  
  65  4:50  Spore Crawler  
  66  4:55  Zergling x8  
  66  5:03  Drone x2  
  66  5:04  Drone x2  
  66  5:05  Drone  
  69  5:08  Drone x2  
  69  5:12  Drone  
  72  5:18  Drone x2  
  72  5:19  Drone  
  72  5:20  Drone  
  72  5:21  Drone  
  76  5:28  Overlord  
  78  5:32  Evolution Chamber  
  78  5:33  Drone x3, Roach Warren  
  77  5:36  Lair  
  77  5:38  Drone  
  77  5:40  Drone x2  
  77  5:41  Drone  
  77  5:42  Drone  
  82  5:52  Drone x4  
  82  5:54  Overlord  
  85  5:57  Drone x3  
  85  5:58  Drone  
  85  6:02  Zerg Missile Weapons Level 1  
  85  6:03  Hatchery  
  85  6:04  Extractor  
  87  6:05  Extractor  
  87  6:09  Queen  
  88  6:11  Extractor  
  88  6:12  Drone x3  
  88  6:13  Extractor, Overlord  
  88  6:15  Extractor  
  88  6:23  Overlord  
  88  6:26  Roach x7  
  88  6:30  Roach  
  88  6:32  Roach x2  
  110  6:33  Roach  
  110  6:37  Glial Reconstitution  
  110  6:38  Overlord  
  112  6:40  Roach  
  112  6:41  Overlord  
  112  6:43  Roach x3  
  118  6:49  Roach x2  
  118  6:51  Overlord  
  122  6:54  Overlord  
  122  6:58  Roach x3  
  128  7:02  Overlord  
  128  7:04  Queen  
  122  7:09  Roach x6  
  125  7:19  Roach x6  
  125  7:22  Queen  
  139  7:24  Roach x2  
  143  7:32  Roach x3  
  143  7:33  Pneumatized Carapace  
  149  7:40  Overlord  
  149  7:41  Roach x2  
  153  7:49  Roach x4  
  153  7:51  Overseer  
  161  7:52  Overlord  
  161  7:55  Spore Crawler, Ravager x3  
  161  7:57  Extractor, Ravager  
  165  8:05  Roach  
  165  8:06  Roach x4  
  165  8:09  Ravager  
  165  8:11  Zergling x2  
  165  8:12  Zergling x12  
  181  8:22  Ravager x2  
  181  8:23  Overlord  
  183  8:29  Zergling x8  
  183  8:31  Overlord  
  182  8:41  Roach x11  
  176  8:51  Roach  
  176  8:52  Roach x5  
  163  8:55  Roach  
  163  8:56  Roach, Zergling x2  
  163  8:59  Roach  
  163  9:00  Ravager x2  
  163  9:03  Roach x2  
Tags
 
Add a new tag
Caveats
  • Supply blocks, unpowered buildings, or Contaminate may cause inaccurate times.
  • Supply counts are checked every 10 seconds.